Map: Dusty Gorge

Players

Quake

  • Race: Protoss Protoss
  • League: Diamond
  • Spawn Location: 11:00

CreatoR

  • Race: Zerg Zerg
  • Spawn Location: 9:00

JaySlays - Winner!

  • Race: Protoss Protoss
  • Spawn Location: 3:00

Wolf - Winner!

  • Race: Zerg Zerg
  • League: Diamond
  • Spawn Location: 5:00

VOD

Have the link to the VOD?

Description

Time

  • Played on: April 22, 2018, 2:48 a.m.
  • Length: 8:41
Show
View Real Time Build Order
Export as new Build Order

Quake Protoss 

Build Orders:  

Get SALT Encoding   

  12  0:01  Probe  
  13  0:13  Probe  
  14  0:19  Pylon  
  14  0:25  Probe  
  15  0:35  Probe  
  15  0:41  Gateway  
  16  0:44  Probe  
  17  0:50  Assimilator  
  17  0:52  Probe  
  18  0:59  Assimilator  
  18  1:01  Probe  
  19  1:09  Probe  
  19  1:15  Pylon  
  20  1:23  Probe  
  21  1:28  Zealot  
  23  1:35  Probe  
  23  1:38  Cybernetics Core  
  24  1:47  Probe  
  25  1:57  Forge  
  25  2:06  Gateway  
  25  2:09  Warp Gate  
  25  2:15  Gateway  
  25  2:23  Adept  
  25  2:26  Pylon  
  27  2:49  Adept  
  29  2:58  Photon Cannon  
  29  3:18  Nexus  
  29  3:25  Stalker  
  31  3:33  Pylon  
  31  3:48  Robotics Facility  
  31  4:03  Probe  
  31  4:04  Protoss Ground Weapons Level 1  
  32  4:16  Adept x3  
  38  4:19  Probe  
  39  4:27  Probe  
  40  4:34  Probe  
  40  4:37  Probe  
  42  4:47  Stalker x2  
  46  4:55  Stalker  
  46  4:56  Probe  
  48  5:00  Probe  
  48  5:01  Observer  
  51  5:17  Stalker x2  
  55  5:23  Pylon  
  55  5:31  Protoss Ground Armor Level 1  
  51  5:42  Stalker x3  
  51  5:49  Probe  
  47  5:53  Probe  
  49  5:57  Stalker x3  
  49  5:59  Probe  
  49  6:03  Twilight Council  
  56  6:05  Probe  
  57  6:14  Pylon  
  57  6:16  Pylon  
  57  6:23  Sentry, Stalker  
  61  6:31  Blink  
  61  6:33  Probe x2  
  59  6:50  Stalker x3  
  42  7:12  Gateway  
  42  7:13  Gateway  
  42  7:14  Stalker x2  
  42  7:15  Probe, Gateway, Stalker  
  48  7:19  Probe  
  50  7:26  Probe  
  50  7:31  Probe  
  50  7:35  Assimilator  
  52  7:39  Assimilator  
  40  7:46  Stalker x2  
  40  7:47  Stalker  
  46  8:12  Stalker x3  
  44  8:17  Stalker x2  
  44  8:18  Stalker  
  48  8:21  Probe  
  48  8:25  Probe  
Show
View Real Time Build Order
Export as new Build Order

CreatoR Zerg 

Build Orders: Hatch First 

Get SALT Encoding   

  12  0:02  Drone  
  13  0:09  Drone  
  14  0:18  Overlord  
  14  0:37  Drone x3  
  17  0:56  Hatchery  
  16  0:59  Drone  
  16  1:00  Extractor  
  16  1:07  Drone  
  17  1:11  Drone  
  18  1:24  Spawning Pool  
  17  1:29  Drone  
  18  1:35  Evolution Chamber  
  17  1:40  Drone  
  18  1:48  Overlord  
  18  1:59  Drone  
  19  2:03  Drone  
  19  2:07  Zerg Melee Weapons Level 1  
  20  2:16  Queen  
  22  2:27  Queen  
  24  2:32  Drone  
  25  2:42  Metabolic Boost  
  25  2:48  Zergling x4  
  25  2:49  Zergling x2  
  28  2:56  Overlord  
  28  3:03  Zergling x4  
  30  3:14  Zergling x4  
  30  3:15  Zergling x4  
  34  3:29  Zergling x6  
  34  3:30  Overlord, Zergling x2  
  38  3:46  Overlord  
  38  3:47  Zergling x2  
  38  3:48  Zergling x6  
  42  3:59  Drone x2  
  44  4:04  Drone  
  44  4:16  Drone x3  
  44  4:17  Drone, Overlord  
  47  4:18  Drone  
  47  4:21  Spore Crawler  
  47  4:36  Zergling x10  
  46  4:52  Drone  
  46  4:53  Drone x4  
  42  5:16  Drone x4  
  42  5:17  Drone x3  
  42  5:19  Lair  
  49  5:23  Spore Crawler  
  47  5:39  Zergling x4  
  47  5:40  Zergling x4  
  51  5:51  Extractor x2  
  51  5:53  Zergling x4  
  51  5:54  Zergling x6  
  54  5:57  Extractor  
  53  6:19  Overlord x3  
  53  6:22  Hatchery  
  53  6:24  Hydralisk Den  
  51  6:38  Queen  
  39  6:54  Hydralisk x5  
  45  7:08  Spawning Pool  
  45  7:09  Hydralisk  
Show
View Real Time Build Order
Export as new Build Order

JaySlays Protoss - Winner!

Build Orders:  

Get SALT Encoding   

  12  0:01  Probe  
  13  0:13  Probe  
  14  0:20  Pylon  
  14  0:25  Probe  
  15  0:38  Probe  
  15  0:40  Gateway  
  16  0:47  Assimilator  
  16  0:48  Probe  
  16  0:56  Probe  
  17  1:00  Assimilator  
  18  1:05  Probe  
  19  1:16  Probe  
  19  1:17  Pylon  
  20  1:24  Probe  
  20  1:32  Probe  
  21  1:38  Cybernetics Core  
  22  1:44  Probe  
  23  1:50  Zealot  
  25  1:56  Probe  
  26  2:19  Stargate  
  26  2:24  Probe, Stargate  
  27  2:34  Warp Gate  
  27  2:56  Nexus  
  27  2:58  Shield Battery  
  27  3:07  Pylon  
  27  3:14  Void Ray  
  31  3:20  Void Ray  
  35  3:41  Pylon  
  35  3:51  Probe  
  36  3:57  Void Ray  
  40  4:03  Probe  
  40  4:06  Void Ray  
  45  4:17  Probe  
  45  4:23  Probe  
  47  4:44  Void Ray  
  47  5:07  Void Ray  
  47  5:11  Probe x2  
  53  5:36  Pylon  
  53  5:39  Void Ray  
  53  5:55  Assimilator  
  57  5:59  Assimilator  
  57  6:09  Probe x2  
  59  6:11  Void Ray  
  63  6:21  Probe x2  
  65  6:51  Void Ray  
  69  7:07  Probe  
  70  7:13  Pylon  
  70  7:14  Pylon x3  
  70  7:20  Void Ray  
  70  7:21  Void Ray  
  70  7:31  Probe x2  
  80  7:43  Probe x2  
  74  7:49  Void Ray  
  74  7:55  Probe x2  
  84  8:07  Probe x2  
  86  8:19  Probe  
Show
View Real Time Build Order
Export as new Build Order

Wolf Zerg - Winner!

Build Orders: Hatch First 

Get SALT Encoding   

  12  0:01  Drone  
  13  0:13  Overlord  
  13  0:18  Drone  
  14  0:31  Drone x2  
  16  0:36  Drone  
  17  0:54  Hatchery  
  16  0:58  Drone  
  16  1:00  Drone  
  18  1:13  Extractor  
  18  1:17  Spawning Pool  
  16  1:28  Drone x2  
  18  1:38  Drone  
  19  1:41  Overlord  
  19  1:53  Overlord  
  19  2:11  Drone x2  
  21  2:31  Drone  
  21  2:32  Drone x3, Queen x2  
  21  2:34  Zergling x2  
  21  2:36  Metabolic Boost  
  30  2:45  Baneling Nest  
  30  2:47  Drone  
  30  2:50  Drone  
  31  3:07  Zergling x2  
  31  3:08  Zergling x6  
  35  3:18  Zergling x4  
  37  3:25  Zergling x2  
  38  3:32  Lair  
  38  3:35  Drone x2  
  40  3:53  Baneling  
  40  3:56  Drone x4  
  40  3:57  Overlord  
  40  3:58  Overlord x2  
  38  4:14  Zergling x4  
  38  4:18  Spine Crawler  
  20  4:40  Zergling x20  
  24  5:04  Drone x8  
  32  5:11  Drone  
  33  5:28  Baneling x4  
  33  5:29  Drone x3  
  33  5:30  Drone  
  36  5:55  Baneling  
  36  5:59  Drone  
  36  6:00  Drone x5  
  36  6:03  Queen  
  44  6:06  Extractor  
  44  6:08  Extractor  
  44  6:10  Drone x3  
  36  6:56  Zergling x2  
  36  6:57  Zergling x14  
  44  7:10  Hydralisk Den  
  41  8:00  Drone x12  
  51  8:16  Zergling x8  
Tags
 
Add a new tag
Caveats
  • Supply blocks, unpowered buildings, or Contaminate may cause inaccurate times.
  • Supply counts are checked every 10 seconds.